 Dungeon Crawl Stone Soup version 0.27-a0-406-g23f261fbd2 (webtiles) character file.

Game seed: 3726203456776518869

1976 jasper the Sneak (level 9, -1/41 HPs)
             Began as a Spriggan Chaos Knight on Feb 21, 2021.
             Was an Initiate of Cheibriados.
             Killed by divine providence
             ... invoked by an orc priest
              (11 damage)
             ... on level 7 of the Dungeon on Feb 22, 2021.
             The game lasted 00:13:12 (8394 turns).

jasper the Sneak (Spriggan Chaos Knight)            Turns: 8394, Time: 00:13:12

Health: -1/41      AC:  3    Str: 17    XL:     9   Next: 0%
Magic:  13/13      EV: 22    Int: 15    God:    Cheibriados [......]
Gold:   249        SH:  6    Dex: 18    Spells: 8/8 levels left

rFire    . . .     SeeInvis +   c - +5 scimitar
rCold    + . .     Faith    .   a - +0 buckler
rNeg     . . .     Spirit   .   b - +2 robe
rPois    .         Reflect  .   (helmet restricted)
rElec    .         Harm     .   m - scarf {+Inv}
rCorr    .         Rampage  .   (gloves unavailable)
Will     +....                  (boots unavailable)
Stlth    ++++......             (no amulet)
HPRegen  0.13/turn              o - +6 ring of strength
MPRegen  0.13/turn              s - ring of protection from cold

@: quick
A: very small, unfitting armour, see invisible, deformed body, speed 3, frail 1,
strong 1
a: Renounce Religion, Evoke Invisibility, Bend Time


You were on level 7 of the Dungeon.
You worshipped Cheibriados.
Cheibriados was noncommittal.
You visited 2 branches of the dungeon, and saw 8 of its levels.
You also visited: Ossuary.

You collected 249 gold pieces.

Inventory:

Hand Weapons
 c - a +5 scimitar (weapon)
 p - a +0 rapier
Missiles
 d - 237 stones
 u - 4 boomerangs (quivered)
Armour
 a - a +0 buckler (worn)
 b - a +2 robe (worn)
 m - a scarf of invisibility (worn)
 y - the +1 robe of Lunuhuh {rC- Str+8 Stlth+}
   (You found it on level 6 of the Dungeon)

   It affects your strength (+8).
   It makes you vulnerable to cold.
   It makes you more stealthy.
Jewellery
 o - a +6 ring of strength (left hand)
 s - a ring of protection from cold (right hand)
Wands
 l - a wand of digging (3)
Scrolls
 g - a scroll of fog {unknown}
 h - 5 scrolls of teleportation
 k - a scroll of random uselessness {unknown}
 n - 3 scrolls of amnesia {unknown}
 v - a scroll of immolation {unknown}
 B - a scroll of fear {unknown}
 C - a scroll of vulnerability {unknown}
 E - a scroll of enchant armour {unknown}
Potions
 e - 2 potions of brilliance
 i - a potion of mutation
 j - a potion of ambrosia
 r - a potion of magic
 w - a potion of attraction
 A - a potion of berserk rage
 D - a potion of cancellation {unknown}


   Skills:
 + Level 4.6 Fighting
 - Level 5.3 Short Blades
 + Level 7.1 Dodging
 + Level 7.4 Stealth
 + Level 2.2 Shields
 + Level 2.7 Unarmed Combat
 * Level 5.0 Invocations


You had 8 spell levels left.
You didn't know any spells.
Your spell library was empty.

Dungeon Overview and Level Annotations

Branches:
Dungeon (7/15)             Temple (1/1) D:4         Ossuary (visited)

Altars:
Cheibriados
Dithmenos
Elyvilon
Fedhas
Gozag
Hepliaklqana
Kikubaaqudgha
Makhleb
Okawaru
Qazlal
Ru
Sif Muna
Trog
Uskayaw
Vehumet
Wu Jian
Xom
Yredelemnul
Zin

Shops:
D:6 :

Annotations:
D:6 Menkaure


Innate Abilities, Weirdness & Mutations

You are very small and have problems with some larger weapons.
You are too small for most types of armour.
You have supernaturally acute eyesight. (SInv)
You cover ground extremely quickly.
Armour fits poorly on your strangely shaped body.
You are frail. (-10% HP)
Your muscles are strong. (Str +2)


Message History

The boomerang completely misses the orc priest.
The orc priest calls down the wrath of Beogh upon you.
Beogh smites you!
You take 13 damage, and have 17/37 hp.
MASSIVE DAMAGE!!
You are too injured to fight recklessly!
You are too injured to fight recklessly!
You are too injured to fight recklessly!
You slash the orc wizard!
The orc wizard is heavily wounded.
The orc wizard barely misses you. The orc wizard closely misses you.
You hit the orc wizard.
The orc wizard is severely wounded.
The orc wizard misses you.
You slash the orc wizard!
You kill the orc wizard!
An orc comes into view. It is wielding a +0 dagger.
You have reached level 9!
Your experience leads to an increase in your attributes!
Your base attributes are Str 8, Int 14, Dex 16.
Increase (S)trength, (I)ntelligence, or (D)exterity?
You feel agile.
You regained 2 hp, and now have 20/41 hp.
MP restored: 13 The orc shouts!
You hit the orc priest.
The orc priest is lightly wounded.
The orc priest closely misses you.
The orc priest invokes the aid of Beogh against you.
Beogh smites you!
* * * LOW HITPOINT WARNING * * *
You take 10 damage, and have 10/41 hp.
MASSIVE DAMAGE!!
You closely miss the orc priest.
The orc priest is lightly wounded.
The orc priest invokes the aid of Beogh against you.
You resist with some effort.
You hit the orc priest.
The orc priest is heavily wounded.
The orc priest calls down the wrath of Beogh upon you.
Beogh smites you!
You die...

#######.# ... #
#.......# #.... <
#.####### #.#### . #.#
#.# #.# #.# #.#
##.#### #.# #..... .
#.########..######....
#.............@oo.....
###################...


You could see an orc priest and an orc.

Vanquished Creatures
  An unseen horror (D:7)
  An ice beast (D:5)
  A necrophage (D:6)
  An ogre (D:5)
  A bullfrog (D:6)
  A gnoll sergeant (D:5)
  2 scorpions
  3 wights (D:7)
  A howler monkey (D:3)
  2 jellies
  2 orc priests
  A centaur skeleton (D:7)
  Jessica (D:3)
  2 bullfrog skeletons
  4 orc wizards
  2 worker ants
  A killer bee zombie (Ossuary)
  3 mummies
  A hound skeleton (D:5)
  4 gnolls (D:5)
  14 adders
  A shadow imp (D:4)
  An ufetubus (D:7)
  4 oozes
  2 adder zombies (Ossuary)
  2 worms
  A dart slug (D:3)
  6 leopard geckos
  10 orcs
  3 ball pythons
  7 giant cockroaches
  10 goblins
  5 hobgoblins
  15 jackals
  10 kobolds
  4 quokkas
  9 bats
  6 frilled lizards
  5 rats
150 creatures vanquished.

Vanquished Creatures (others)
  2 withered plants (Ossuary)
2 creatures vanquished.

Grand Total: 152 creatures vanquished

Notes
Turn   | Place    | Note
-------+----------+-------------------------------------------
     0 | D:1      | jasper the Spriggan Chaos Knight began the quest for the
                  | Orb.
     0 | D:1      | Reached XP level 1. HP: 11/11 MP: 2/2
   255 | D:1      | XOM: 2-stop teleportation journey
   269 | D:1      | Reached XP level 2. HP: 14/16 MP: 3/3
   523 | D:1      | XOM: 4-stop teleportation journey
   614 | D:1      | Upgraded the game from 0.27-a0-394-g49c82dfaf2 to
                  | 0.27-a0-406-g23f261fbd2
  1026 | D:2      | Reached XP level 3. HP: 18/19 MP: 4/4
  1376 | D:2      | XOM: butterfly on damage
  1545 | D:2      | Reached skill level 5 in Short Blades
  1609 | D:2      | Reached XP level 4. HP: 23/23 MP: 5/5
  1844 | D:2      | Reached skill level 1 in Stealth
  2152 | D:2      | Found a radiant altar of Vehumet.
  2317 | D:2      | XOM: summons 3 hostile shadow creatures
  2813 | D:4      | Reached XP level 5. HP: 12/28 MP: 6/6
  3067 | D:4      | Found a staircase to the Ecumenical Temple.
  3091 | Temple   | Entered the Ecumenical Temple
  3260 | Temple   | XOM: noise
  3270 | Temple   | XOM: scenery: create altars
  3657 | D:3      | XOM: chaos upgrade
  3779 | D:4      | XOM: god gift: bronze wand {god gift}
  4022 | D:3      | XOM: give mutations
  4022 | D:3      | Gained mutation: Armour fits poorly on your strangely
                  | shaped body. [Xom's mischief]
  4022 | D:3      | Gained mutation: Your muscles are strong. (Str +2) [Xom's
                  | mischief]
  4022 | D:3      | Gained mutation: You are frail. (-10% HP) [Xom's mischief]
  4080 | D:3      | Reached XP level 6. HP: 28/28 MP: 7/7
  4165 | D:3      | Noticed Jessica
  4170 | D:3      | XOM: scenery: summon butterflies
  4191 | D:3      | Killed Jessica
  4234 | D:3      | Reached skill level 5 in Dodging
  4400 | D:3      | Found a shimmering blue altar of Sif Muna.
  4401 | D:3      | Found a snail-covered altar of Cheibriados.
  4402 | D:3      | Found a glowing silver altar of Zin.
  4407 | D:3      | Found an iron altar of Okawaru.
  4414 | D:3      | Fell from the grace of Xom
  4414 | D:3      | Became a worshipper of Cheibriados the Contemplative
  4543 | D:3      | Found a blossoming altar of Fedhas.
  4710 | D:5      | Entered Level 5 of the Dungeon
  4939 | D:5      | Noticed an ice beast
  4942 | D:5      | Killed an ice beast
  4943 | D:5      | Reached skill level 5 in Stealth
  4943 | D:5      | Reached skill level 1 in Invocations
  5135 | D:5      | Reached XP level 7. HP: 14/33 MP: 9/9
  5363 | D:5      | Reached skill level 1 in Unarmed Combat
  5675 | D:5      | Noticed a wraith
  5862 | D:5      | XOM: draining
  5884 | D:5      | XOM: draining
  6047 | D:6      | Reached skill level 1 in Shields
  6354 | D:6      | Reached XP level 8. HP: 6/37 MP: 11/11
  6614 | D:6      | Got a smoking robe
  6625 | D:6      | Identified the +1 robe of Lunuhuh {rC- Str+8 Stlth+} (You
                  | found it on level 6 of the Dungeon)
  6640 | D:6      | Found a sand-covered staircase.
  6742 | D:6      | XOM: noise
  6938 | D:6      | Found Zaki's Book Boutique.
  6938 | D:6      | XOM: 2-stop teleportation journey
  7350 | D:6      | Noticed Menkaure
  7354 | D:6      | Found a sacrificial altar of Ru.
  7416 | D:7      | Found a sand-covered staircase.
  7435 | Ossuary  | Entered an ossuary
  7838 | D:7      | XOM: stat loss: -2 Int (13/15)
  7913 | D:7      | Noticed an unseen horror
  7927 | D:7      | Killed an unseen horror
  7928 | D:7      | Reached skill level 5 in Invocations
  8095 | D:7      | XOM: enchant monster (bad)
  8392 | D:7      | Reached XP level 9. HP: 20/41 MP: 13/13
  8394 | D:7      | Killed from afar by an orc priest

Illustrated notes

Levels and vault maps discovered:
D:1:      evilmike_arrival_crescent, layout_loops_ring
D:2:      layout_basic, nicolae_overflow_crystal_walls, minmay_heptomino_l4
D:3:      layout_rooms, chequers_temple_overflow_statue_of_worship,
          minmay_misc_feat_chi, fedhas_altar_fruit_tree, uniq_jessica
D:4:      layout_loops_ring, minmay_temple_entry_ruins
D:5:      minmay_clustersquares, layout_loops_cross, grunt_temple_overflow_open,
          serial_shops, shop
D:6:      layout_basic, general_overflow_altar, serial_shops, shop,
          enter_ossuary_5, grunt_ministairs_4, uniq_menkaure
D:7:      layout_loops_ring, lightli_ossuary_entry_decrepit_ruins,
          okawaru_trees_2
Temple:   minmay_temple_bridge_abc

Skill      XL: |  1  2  3  4  5  6  7  8 |
---------------+-------------------------+-----
Short Blades   | 4 5 |  5.3
Stealth        | 2 4 5 7 |  7.4
Dodging        | 4 5 6 7 |  7.1
Fighting       | 3 4 |  4.6
Invocations    | 1 3 5 |  5.0
Unarmed Combat | 1 2 |  2.7
Shields        | 1 2 |  2.2

Action                   |  1- 3 |  4- 6 |  7- 9 || total
-------------------------+-------+-------+-------++-------
Melee: Short sword       |   152 |   234 |       ||   386
       Rapier            |       |    55 |   182 ||   237
       Scimitar          |       |       |    18 ||    18
Throw: Stone             |    18 |    54 |    14 ||    86
       Boomerang         |       |       |    36 ||    36
Evoke: Wand              |       |     3 |     9 ||    12
  Use: Scroll            |     1 |     1 |     7 ||     9
       Potion            |       |       |     7 ||     7
 Stab: Sleeping          |     4 |     4 |     7 ||    15
       Paralysed         |       |     1 |       ||     1
Armor: Robe              |    18 |    29 |     7 ||    54
Dodge: Dodged            |    98 |   214 |   132 ||   444
Block: Buckler           |       |       |    43 ||    43
       Rpst.: Scimitar   |       |       |     5 ||     5

Table legend: (Time is in decaauts)
 A = Elapsed time spent in this place.
 B = Non-inter-level travel time spent in this place.
 C = Inter-level travel time spent in this place.
 D = Time resting spent in this place.
 E = Time spent auto-exploring this place.
 F = Levels seen in this place.
 G = Mean time per level.
                   A        B        C        D        E       F      G
               +--------+--------+--------+--------+--------+-----+--------+
         Total |   7261 |   7077 |    184 |   2131 |   3575 |   9 |  806.8 |
       Dungeon |   6971 |   6800 |    171 |   2026 |   3473 |   7 |  995.9 |
        Temple |    121 |    109 |     12 |      0 |     97 |   1 |  121.0 |
       Ossuary |    168 |    168 |      0 |    105 |      4 |   1 |  168.0 |
               +--------+--------+--------+--------+--------+-----+--------+

Top non-repeatable levels by time:
     D:6: 1346 daAuts
     D:4: 1179 daAuts
     D:2: 1125 daAuts
     D:5: 1089 daAuts
     D:7: 860 daAuts
     D:3: 738 daAuts
     D:1: 631 daAuts
 Ossuary: 168 daAuts
  Temple: 121 daAuts
